 Dungeon Crawl Stone Soup version 0.19-a0-414-g76fec5b (webtiles) character file.

98 Duffy the Ruffian (level 4, -11/25 HPs)
             Began as a Gargoyle Transmuter on May 31, 2016.
             Mangled by dracos369's ghost (12 damage)
             ... on level 3 of the Dungeon.
             The game lasted 00:02:36 (1603 turns).

Duffy the Ruffian (Gargoyle Transmuter)             Turns: 1603, Time: 00:02:36

Health: -11/25     AC:  5    Str: 14    XL:     4   Next: 69%
Magic:  7/7        EV:  7    Int: 14    God:
Gold:   90         SH:  0    Dex: 10    Spells: 3 memorised, 1 level left

rFire  . . .     SeeInvis .       - Unarmed
rCold  . . .     Gourm    .     b - +0 robe
rNeg   + . .     Faith    .     (no shield)
rPois  ∞         Spirit   .     (no helmet)
rElec  +         Dismiss  .     (no cloak)
rCorr  .         Reflect  .     (no gloves)
SustAt .         Harm     .     (no boots)
MR     .....                    (no amulet)
Stlth  +.........               (no ring)
                                (no ring)

@: not resistant to hostile enchantments, very unstealthy
A: negative energy resistance 1, electricity resistance, unbreathing,
petrification resistance, rot immunity, AC +3
a: no special abilities


You were on level 3 of the Dungeon.
You were hungry.

You visited 1 branch of the dungeon, and saw 3 of its levels.

You collected 90 gold pieces.


Innate Abilities, Weirdness & Mutations

You are resistant to torment.
Your stone body is resilient (AC +3).
You are immune to poison.
You resist negative energy. (rN+)
You are resistant to electric shocks. (rElec)
You can survive without breathing.
You are immune to petrification.
You are immune to rotting.


   Skills:
 + Level 1.3 Fighting
 - Level 1.5 Dodging
 + Level 4.3 Unarmed Combat
 - Level 2.0 Spellcasting
 - Level 2.0 Transmutations
 - Level 2.0 Poison Magic


You had one spell level left.
You knew the following spells:

 Your Spells              Type           Power        Failure   Level  Hunger
a - Spider Form           Tmut/Pois      #.........   30%         3    ####...
b - Sticks to Snakes      Tmut           #.......     17%         2    ###....
c - Beastly Appendage     Tmut           #.....       12%         1    ##.....

Inventory:

Missiles
 a - 12 arrows
Armour
 b - a +0 robe (worn)
Scrolls
 e - a scroll of enchant armour {unknown}
 h - a scroll of enchant weapon {unknown}
 j - a scroll of identify {unknown}
 k - a scroll of fog {unknown}
Potions
 g - a potion of curing {unknown}
Books
 c - a book of Changes
Comestibles
 d - 2 bread rations
 f - 3 meat rations
 i - a royal jelly

Dungeon Overview and Level Annotations

Branches:
Dungeon (3/15)

Altars:
Beogh

Annotations:
D:3 dracos369's ghost, amateur OpFi


Message History

Level annotation: dracos369's ghost, amateur OpFi Dracos369's ghost closely misses you.
Dracos369's ghost barely misses you.
There is a stone staircase leading up here.
Unknown command.
Unknown command.
You hit dracos369's ghost.
Dracos369's ghost is lightly damaged.
You closely miss dracos369's ghost.
Dracos369's ghost is lightly damaged.
Dracos369's ghost barely misses you.
You hit dracos369's ghost.
Dracos369's ghost is lightly damaged.
Dracos369's ghost hits you!
You closely miss dracos369's ghost.
Dracos369's ghost is lightly damaged.
Dracos369's ghost barely misses you.
You hit dracos369's ghost.
Dracos369's ghost is moderately damaged.
Dracos369's ghost closely misses you.
You hit dracos369's ghost.
Dracos369's ghost is heavily damaged.
Dracos369's ghost hits you.
You hit dracos369's ghost.
Dracos369's ghost is heavily damaged.
Dracos369's ghost hits you but does no damage.
You hit dracos369's ghost.
Dracos369's ghost is heavily damaged.
Dracos369's ghost hits you.
You barely miss dracos369's ghost.
Dracos369's ghost is heavily damaged.
Dracos369's ghost hits you!
You are too injured to fight recklessly!
You are too injured to fight recklessly!
You are too injured to fight recklessly!
You are too injured to fight recklessly!
You are too injured to fight recklessly!
You are too injured to fight recklessly!
You are too injured to fight recklessly!
You are too injured to fight recklessly!
You are too injured to fight recklessly!
You are too injured to fight recklessly!
You are too injured to fight recklessly!
You are too injured to fight recklessly!
You are too injured to fight recklessly!
You are too injured to fight recklessly!
You are too injured to fight recklessly!
You are too injured to fight recklessly!
You are too injured to fight recklessly!
Dracos369's ghost hits you!
You die...

.....# #............
.....# #...........
.....# .......... .....#
......... .....# ......
.....# #....#
.....########.##.###.###
............))...W......
)....#####..#.#.@#)#.#.
###.##...##.#.#.##
#..##.8.8.#.#.#..
#..##_....'.#.####
#..##.8.8.#.#.##
..)###...##.#..#
...########.##.#
.......#..#....#
..###..#..#...##


You could see dracos369's ghost.

Action                   |  1- 3 |  4- 6 || total
-------------------------+-------+-------++-------
Melee: Unarmed           |    84 |    54 ||   138
       Punch             |       |     2 ||     2
 Cast: Spider Form       |     2 |       ||     2
 Stab: Sleeping          |     1 |       ||     1
  Eat: Chunk             |       |     2 ||     2
Armor: Robe              |    17 |    11 ||    28
Dodge: Dodged            |    54 |    29 ||    83

Notes
Turn   | Place    | Note
--------------------------------------------------------------
     0 | D:1      | Duffy the Gargoyle Transmuter began the quest for the Orb.
     0 | D:1      | Reached XP level 1. HP: 12/12 MP: 3/3
   190 | D:2      | Reached XP level 2. HP: 14/16 MP: 5/5
   424 | D:2      | Reached skill level 2 in Transmutations
   594 | D:3      | Reached XP level 3. HP: 17/20 MP: 6/6
   636 | D:3      | Learned a level 2 spell: Sticks to Snakes
   640 | D:3      | Learned a level 3 spell: Spider Form
   859 | D:3      | Reached skill level 4 in Unarmed Combat
   898 | D:3      | Found a roughly hewn altar of Beogh.
   915 | D:3      | Reached skill level 1 in Poison Magic
   915 | D:3      | Reached XP level 4. HP: 16/25 MP: 1/7
   916 | D:3      | Noticed dracos369's ghost (amateur OpFi)
  1122 | D:2      | Reached skill level 2 in Poison Magic
  1603 | D:3      | Mangled by dracos369's ghost

Skill      XL: |  1  2  3  4 |
---------------+-------------+-----
Transmutations | 2 |  2.0
Unarmed Combat | 4 |  4.3
Poison Magic   | 1 2 |  2.0
Fighting       | |  1.3
Dodging        | |  1.5
Spellcasting   | |  2.0

Vault maps used:
D:1:      roderic_dead_forest, lemuel_old_faithful
D:3:      kennysheep_orc_chapel, uniq_iyjb

Vanquished Creatures
  An orc priest
  2 adders
  An ooze
  A dart slug
  A giant gecko
  6 orcs
  3 bats
  2 giant cockroaches
  3 goblins
  6 hobgoblins
  3 quokkas
  3 ball pythons
  A giant newt
  A kobold
  4 rats
38 creatures vanquished.
